3AA
AKRON BLIMPS @ RICHLAND RAILS
08/11/2039
 
TOP OF THE 1ST
Akron Blimps batting - Pitching for Richland Rails : LHP Cameron Thoresen
Pitching: LHP Cameron Thoresen
Batting: RHB Ernest Franks 0-0: Called Strike
0-1: Ball
1-1: Foul Ball, location: 2F
1-2: Fly out, F8 (Flyball, 8RXD, EV 101.9 MPH)
Batting: RHB Roberto Ramos 0-0: Called Strike
0-1: Foul Ball, location: 2F
0-2: Ball
1-2: SINGLE (Groundball, 56D, EV 98.8 MPH)
Batting: RHB Raffaello Dichio 0-0: Called Strike
Roberto Ramos steals 2nd base
0-1: Ball
1-1: Foul Ball, location: 2F
1-2: Fly out, F7 (Flyball, 78S, EV 90.0 MPH)
Batting: RHB Germán Gracía 0-0: Ball
1-0: Called Strike
1-1: Ball
2-1: Swinging Strike
2-2: Ball
3-2: Strikes out swinging
Top of the 1st over - 0 runs, 1 hit, 0 errors, 1 left on base; Akron 0 - Richland 0
BOTTOM OF THE 1ST
Richland Rails batting - Pitching for Akron Blimps : RHP Kazuhiko Higuchi
Pitching: RHP Kazuhiko Higuchi
Batting: RHB Hui-ying Sun 0-0: Ball
1-0: Reached on error, E5 (Groundball, 56, EV 85.6 MPH)
Batting: SHB Koryusai Ohayashi 0-0: Ball
1-0: Called Strike
1-1: Ball
2-1: Foul Ball, location: 2F
2-2: Grounds out, U3 (Groundball, 3L, EV 90.0 MPH)
Batting: LHB Huibrecht Bloemheuvel 0-0: Ball
1-0: Called Strike
1-1: Foul Ball, location: 2F
1-2: Strikes out swinging
Batting: RHB Bellmay Blake 0-0: Ball
1-0: Foul Ball, location: 2F
1-1: Ball
2-1: Foul Ball, location: 2F
2-2: Ball
3-2: Base on Balls
Batting: RHB Fontana Contaldo 0-0: Ground out 5-3 (Groundball, 56S, EV 86.9 MPH)
Bottom of the 1st over - 0 runs, 0 hits, 1 error, 2 left on base; Akron 0 - Richland 0
TOP OF THE 2ND
Akron Blimps batting - Pitching for Richland Rails : LHP Cameron Thoresen
Batting: LHB Bob Giles 0-0: Ball
1-0: Foul Ball, location: 2F
1-1: Fly out, F5 (Line Drive, 5, EV 67.5 MPH)
Batting: RHB Pedro Martínez 0-0: Ball
1-0: Foul Ball, location: 2F
1-1: Foul Ball, location: 2F
1-2: Foul Ball, location: 2F
1-2: Strikes out swinging
Batting: LHB Pat Carter 0-0: Fly out, F8 (Line Drive, 8RM, EV 95.0 MPH)
Top of the 2nd over - 0 runs, 0 hits, 0 errors, 0 left on base; Akron 0 - Richland 0
BOTTOM OF THE 2ND
Richland Rails batting - Pitching for Akron Blimps : RHP Kazuhiko Higuchi
Batting: RHB Muoi Hoan 0-0: Ball
1-0: Called Strike
1-1: Ball
2-1: Foul Ball, location: 2F
2-2: Ball
3-2: Ground out 6-3 (Groundball, 6M, EV 80.0 MPH)
Batting: RHB Kel Warren 0-0: Ball
1-0: Ball
2-0: Ball
3-0: Base on Balls
Batting: RHB Corey Hines 0-0: Ball
1-0: SINGLE (Line Drive, 6MD, EV 98.1 MPH)
Kel Warren to second
Runner from 2nd tries for 3rd, SAFE, no throw by CF
Batting: RHB Hsui-chuan Hong 0-0: Called Strike
0-1: Foul Ball, location: 2F
0-2: Strikes out looking
Batting: RHB Hui-ying Sun 0-0: Called Strike
0-1: Ball
1-1: Ball
2-1: Swinging Strike
2-2: Strikes out swinging
Bottom of the 2nd over - 0 runs, 1 hit, 0 errors, 2 left on base; Akron 0 - Richland 0
TOP OF THE 3RD
Akron Blimps batting - Pitching for Richland Rails : LHP Cameron Thoresen
Batting: RHB Jackson Cluff 0-0: Ball
1-0: Foul Ball, location: 2F
1-1: Fly out, F8 (Flyball, 8RD, EV 102.5 MPH)
Batting: LHB Aklilu Heri 0-0: Ball
1-0: Ground out 5-3 (Groundball, 5, EV 88.1 MPH)
Batting: RHB Ernest Franks 0-0: Ball
1-0: Swinging Strike
1-1: Fly out, F8 (Flyball, 8RM, EV 88.1 MPH)
Top of the 3rd over - 0 runs, 0 hits, 0 errors, 0 left on base; Akron 0 - Richland 0
BOTTOM OF THE 3RD
Richland Rails batting - Pitching for Akron Blimps : RHP Kazuhiko Higuchi
Batting: SHB Koryusai Ohayashi 0-0: Called Strike
0-1: Foul Ball, location: 2F
0-2: Foul Ball, location: 2F
0-2: Ball
1-2: Strikes out swinging
Batting: LHB Huibrecht Bloemheuvel 0-0: Swinging Strike
0-1: Called Strike
0-2: Strikes out swinging
Batting: RHB Bellmay Blake 0-0: DOUBLE (Line Drive, 7LS, EV 90.0 MPH)
Batting: RHB Fontana Contaldo 0-0: Fly out, F8 (Line Drive, 8LD, EV 91.2 MPH)
Bottom of the 3rd over - 0 runs, 1 hit, 0 errors, 1 left on base; Akron 0 - Richland 0
TOP OF THE 4TH
Akron Blimps batting - Pitching for Richland Rails : LHP Cameron Thoresen
Batting: RHB Roberto Ramos 0-0: Called Strike
0-1: Called Strike
0-2: Ball
1-2: Strikes out looking
Batting: RHB Raffaello Dichio 0-0: Swinging Strike
0-1: Ball
1-1: Ball
2-1: Foul Ball, location: 2F
2-2: Strikes out swinging
Batting: RHB Germán Gracía 0-0: Ball
1-0: Called Strike
1-1: Ball
2-1: Ball
3-1: Base on Balls
Batting: LHB Bob Giles 0-0: Called Strike
0-1: Ball
1-1: Ball
2-1: Called Strike
2-2: Strikes out looking
Top of the 4th over - 0 runs, 0 hits, 0 errors, 1 left on base; Akron 0 - Richland 0
BOTTOM OF THE 4TH
Richland Rails batting - Pitching for Akron Blimps : RHP Kazuhiko Higuchi
Batting: RHB Muoi Hoan 0-0: Called Strike
0-1: Swinging Strike
0-2: Ball
1-2: SINGLE (Line Drive, 8RS, EV 101.2 MPH)
Batting: RHB Kel Warren 0-0: Called Strike
0-1: Ball
1-1: Ball
2-1: Foul Ball, location: 2F
2-2: SINGLE (Groundball, 6D, EV 100.6 MPH)
Muoi Hoan to second
Batting: RHB Corey Hines 0-0: Ball
1-0: Ball
2-0: Foul Ball, location: 2F
2-1: Grounds into double play, 4-6-3 (Groundball, 4, EV 76.9 MPH)
Muoi Hoan to third
Batting: RHB Hsui-chuan Hong 0-0: Called Strike
0-1: Fly out, F3 (Popup, 3, EV 67.5 MPH)
Bottom of the 4th over - 0 runs, 2 hits, 0 errors, 1 left on base; Akron 0 - Richland 0
TOP OF THE 5TH
Akron Blimps batting - Pitching for Richland Rails : LHP Cameron Thoresen
Batting: RHB Pedro Martínez 0-0: Ball
1-0: Foul Ball, location: 2F
1-1: Swinging Strike
1-2: SINGLE (Groundball, 34D, EV 101.2 MPH)
Batting: LHB Pat Carter 0-0: Called Strike
0-1: Bunted foul
0-2: Ball
1-2: Ball
2-2: Ball
3-2: SINGLE (Line Drive, 8RS, EV 95.0 MPH)
Pedro Martínez to second
Runner from 2nd tries for 3rd, SAFE, throw by CF made to third
Batting: RHB Jackson Cluff 0-0: Ball
1-0: Fly out, F4 (Popup, 4, EV 53.8 MPH)
Batting: LHB Aklilu Heri 0-0: Ball
1-0: Ball
Pat Carter steals 2nd base
2-0: Called Strike
2-1: Ball
3-1: Foul Ball, location: 2F
3-2: DOUBLE (Groundball, 3L, EV 94.4 MPH)
Pedro Martínez scores
Pat Carter scores
Batting: RHB Ernest Franks 0-0: Called Strike
0-1: Ball
1-1: Ball
2-1: Called Strike
2-2: Ground out 1-3 (Groundball, 13S, EV 75.0 MPH)
Aklilu Heri to third
Batting: RHB Roberto Ramos 0-0: Foul Ball, location: 2F
0-1: Fly out, F9 (Line Drive, 9, EV 94.4 MPH)
Top of the 5th over - 2 runs, 3 hits, 0 errors, 1 left on base; Akron 2 - Richland 0
BOTTOM OF THE 5TH
Richland Rails batting - Pitching for Akron Blimps : RHP Kazuhiko Higuchi
Batting: RHB Hui-ying Sun 0-0: SINGLE (Groundball, 4MD, EV 105.6 MPH)
Batting: SHB Koryusai Ohayashi 0-0: Called Strike
Hui-ying Sun steals 2nd base
0-1: Ball
Hui-ying Sun steals 3rd base
1-1: Ball
2-1: Fly out, F5 (Popup, 56S, EV 80.0 MPH)
Batting: LHB Huibrecht Bloemheuvel 0-0: Called Strike
0-1: Ground out 4-3 (Groundball, 4, EV 93.1 MPH)
Hui-ying Sun scores
Batting: RHB Bellmay Blake 0-0: Called Strike
0-1: Ball
1-1: Ball
2-1: Foul Ball, location: 2F
2-2: Strikes out swinging
Bottom of the 5th over - 1 run, 1 hit, 0 errors, 0 left on base; Akron 2 - Richland 1
TOP OF THE 6TH
Akron Blimps batting - Pitching for Richland Rails : LHP Cameron Thoresen
Batting: RHB Raffaello Dichio 0-0: Foul Ball, location: 2F
0-1: Fly out, F8 (Line Drive, 8LD, EV 110.0 MPH)
Batting: RHB Germán Gracía 0-0: Ball
1-0: Ball
2-0: Called Strike
2-1: Ball
3-1: Called Strike
3-2: Ground out 6-3 (Groundball, 6, EV 90.0 MPH)
Batting: LHB Bob Giles 0-0: Called Strike
0-1: Foul Ball, location: 2F
0-2: Ball
1-2: Ground out 5-3 (Groundball, 56, EV 79.4 MPH)
Top of the 6th over - 0 runs, 0 hits, 0 errors, 0 left on base; Akron 2 - Richland 1
BOTTOM OF THE 6TH
Richland Rails batting - Pitching for Akron Blimps : RHP Kazuhiko Higuchi
Batting: RHB Fontana Contaldo 0-0: Ball
1-0: Fly out, F8 (Flyball, 8RXD, EV 107.5 MPH)
Batting: RHB Muoi Hoan 0-0: Called Strike
0-1: Called Strike
0-2: Ground out 4-3 (Groundball, 4, EV 78.8 MPH)
Batting: RHB Kel Warren 0-0: Ball
1-0: Foul Ball, location: 2F
1-1: Foul Ball, location: 2F
1-2: Ball
2-2: Ball
3-2: Fly out, F8 (Flyball, 89D, EV 107.5 MPH)
Bottom of the 6th over - 0 runs, 0 hits, 0 errors, 0 left on base; Akron 2 - Richland 1
TOP OF THE 7TH
Akron Blimps batting - Pitching for Richland Rails : LHP Cameron Thoresen
Batting: RHB Pedro Martínez 0-0: Called Strike
0-1: Ball
1-1: Called Strike
1-2: Ball
2-2: Ground out U3 (Groundball, 3, EV 99.4 MPH)
Pitching: RHP Jose Jovellanos
Batting: LHB Pat Carter 0-0: Ball
1-0: Ball
2-0: Fly out, F9 (Line Drive, 9, EV 110.0 MPH)
Batting: RHB Jackson Cluff 0-0: Fly out, F7 (Flyball, 7S, EV 79.4 MPH)
Top of the 7th over - 0 runs, 0 hits, 0 errors, 0 left on base; Akron 2 - Richland 1
BOTTOM OF THE 7TH
Richland Rails batting - Pitching for Akron Blimps : RHP Kazuhiko Higuchi
Batting: RHB Corey Hines 0-0: Foul Ball, location: 2F
0-1: Swinging Strike
0-2: Ball
1-2: Ball
2-2: Strikes out swinging
Batting: RHB Hsui-chuan Hong 0-0: Called Strike
0-1: Fly out, F7 (Flyball, 78S, EV 93.1 MPH)
Batting: RHB Hui-ying Sun 0-0: Called Strike
0-1: Foul Ball, location: 2F
0-2: Strikes out swinging
Bottom of the 7th over - 0 runs, 0 hits, 0 errors, 0 left on base; Akron 2 - Richland 1
TOP OF THE 8TH
Akron Blimps batting - Pitching for Richland Rails : RHP Jose Jovellanos
Batting: LHB Aklilu Heri 0-0: DOUBLE (Groundball, 5L, EV 108.8 MPH)
Batting: RHB Ernest Franks 0-0: Ball
1-0: Called Strike
1-1: Swinging Strike
1-2: Strikes out swinging
Batting: RHB Roberto Ramos 0-0: Fly out, F4 (Popup, 23, EV 80.6 MPH)
Batting: RHB Raffaello Dichio 0-0: Ball
1-0: Ball
2-0: Ball
3-0: Called Strike
3-1: Base on Balls
Batting: RHB Germán Gracía 0-0: Called Strike
0-1: SINGLE (Line Drive, 34D, EV 98.1 MPH)
Aklilu Heri to third
Raffaello Dichio to second
Batting: LHB Bob Giles 0-0: Swinging Strike
0-1: Ball
1-1: Ball
2-1: Ball
3-1: Base on Balls
Aklilu Heri scores
Raffaello Dichio to third
Germán Gracía to second
Batting: RHB Pedro Martínez 0-0: Foul Ball, location: 2F
0-1: Ball
1-1: Ball
2-1: Ball
3-1: Base on Balls
Raffaello Dichio scores
Germán Gracía to third
Bob Giles to second
Batting: LHB Pat Carter 0-0: Called Strike
0-1: Ball
1-1: Ball
2-1: Foul Ball, location: 2F
2-2: Foul Ball, location: 2F
2-2: Ball
3-2: Base on Balls
Germán Gracía scores
Bob Giles to third
Pedro Martínez to second
Batting: RHB Jackson Cluff 0-0: Foul Ball, location: 2F
0-1: Foul Ball, location: 2F
0-2: Ball
1-2: Ball
2-2: SINGLE (Line Drive, 8LS, EV 100.0 MPH)
Bob Giles scores
Pedro Martínez to third
Pat Carter to second
Runner from 3rd tries for Home, SAFE, throw by CF to home
Pitching: LHP Chris Abbott
Batting: LHB Aklilu Heri 0-0: Called Strike
0-1: SINGLE (Line Drive, 78S, EV 105.6 MPH)
Pat Carter to third
Jackson Cluff to second
Runner from 3rd tries for Home, SAFE, throw by LF to home
Pinch Hitting: RHB Cal Reed 0-0: Ball
1-0: Ball
2-0: Ball
3-0: Swinging Strike
3-1: Called Strike
3-2: Fly out, F8 (Flyball, 8RD, EV 90.6 MPH)
Top of the 8th over - 6 runs, 4 hits, 0 errors, 2 left on base; Akron 8 - Richland 1
BOTTOM OF THE 8TH
Richland Rails batting - Pitching for Akron Blimps : RHP Kazuhiko Higuchi
Now in LF: Walter Butler
Pinch Hitting: RHB Wei-hong Won 0-0: Foul Ball, location: 2F
0-1: Called Strike
0-2: Foul Ball, location: 2F
0-2: Ball
1-2: Foul Ball, location: 2F
1-2: Ball
2-2: Fly out, F9 (Line Drive, 9D, EV 91.9 MPH)
Batting: LHB Huibrecht Bloemheuvel 0-0: Ball
1-0: Called Strike
1-1: Swinging Strike
1-2: Foul Ball, location: 2F
1-2: Ball
2-2: Fly out, F7 (Flyball, 7, EV 98.1 MPH)
Batting: RHB Bellmay Blake 0-0: Foul Ball, location: 2F
0-1: Ball
1-1: Swinging Strike
1-2: Fly out, F3 (Popup, 3S, EV 75.6 MPH)
Bottom of the 8th over - 0 runs, 0 hits, 0 errors, 0 left on base; Akron 8 - Richland 1
TOP OF THE 9TH
Akron Blimps batting - Pitching for Richland Rails : LHP Chris Abbott
Now in LF: Wei-hong Won
Batting: RHB Roberto Ramos 0-0: Called Strike
0-1: Fly out, F7 (Flyball, 7LMF, EV 98.1 MPH)
Batting: RHB Raffaello Dichio 0-0: Hit by Pitch
Batting: RHB Germán Gracía 0-0: Ball
1-0: Ball
2-0: Foul Ball, location: 2F
2-1: Ball
3-1: Base on Balls
Raffaello Dichio to second
Batting: LHB Bob Giles 0-0: Ball
1-0: Ball
2-0: Swinging Strike
2-1: Fly out, F6 (Popup, 6MD, EV 55.6 MPH)
Batting: RHB Pedro Martínez 0-0: Ground out 4-3 (Groundball, 4S, EV 61.9 MPH)
Top of the 9th over - 0 runs, 0 hits, 0 errors, 2 left on base; Akron 8 - Richland 1
BOTTOM OF THE 9TH
Richland Rails batting - Pitching for Akron Blimps : RHP Kazuhiko Higuchi
Batting: RHB Fontana Contaldo 0-0: Ball
1-0: Called Strike
1-1: Ball
2-1: Foul Ball, location: 2F
2-2: Foul Ball, location: 2F
2-2: Ball
3-2: Reached on error, E2 (Groundball, 2R, EV 70.6 MPH)
Pitching: LHP Jack Young
Batting: RHB Muoi Hoan 0-0: Ball
1-0: Ball
2-0: Ball
3-0: Base on Balls
Batting: RHB Kel Warren 0-0: Ball
1-0: Swinging Strike
1-1: Swinging Strike
1-2: Ball
2-2: Ball
3-2: Foul Ball, location: 2F
3-2: Foul Ball, location: 2F
3-2: Base on Balls
Fontana Contaldo to third
Muoi Hoan to second
Batting: RHB Corey Hines 0-0: Ball
1-0: Ball
Balk!
Fontana Contaldo scores
Muoi Hoan to third
Kel Warren to second
2-0: Foul Ball, location: 2F
2-1: Fly out, F8 (Flyball, 8RM, EV 87.5 MPH)
Runner from 3rd tags up, SCORES, no throw by CF
Batting: RHB Hsui-chuan Hong 0-0: Foul Ball, location: 2F
0-1: Ball
1-1: Ground out 6-3 (Groundball, 6, EV 83.8 MPH)
Batting: RHB Hui-ying Sun 0-0: Ball
1-0: Swinging Strike
1-1: Called Strike
1-2: Foul Ball, location: 2F
1-2: Ball
2-2: Ball
3-2: Base on Balls
Batting: RHB Wei-hong Won 0-0: Swinging Strike
0-1: Ball
1-1: Fly out, F8 (Line Drive, 8RM, EV 102.5 MPH)
Bottom of the 9th over - 2 runs, 0 hits, 1 error, 2 left on base; Akron 8 - Richland 3
Wednesday, July 8th, 2020 - OOTP Baseball 20.8 Build 74